TOP OF THE 1ST |
Chicago Cubs batting - Pitching for Pittsburgh Pirates : RHP Michel Baez
|
Pitching: RHP Michel Baez
|
|
Batting: RHB Michael A. Taylor
|
0-0: Ball 1-0: Ball 2-0: Ball 3-0: Base on Balls
|
Batting: RHB Lourdes Gurriel Jr.
|
0-0: Foul Ball, location: 2F 0-1: Foul Ball, location: 2F 0-2: Strikes out swinging
|
Batting: LHB Cody Bellinger
|
0-0: Ball 1-0: Ball 2-0: DOUBLE (Line Drive, 8RXD, EV 103.1 MPH) Michael A. Taylor to third
|
Batting: SHB Yoan Moncada
|
0-0: Swinging Strike 0-1: Ball 1-1: Swinging Strike 1-2: Strikes out looking
|
Batting: RHB Ryan Braun
|
0-0: Foul Ball, location: 2F 0-1: Ball 1-1: Ball 2-1: Ball 3-1: Called Strike 3-2: SINGLE (Groundball, 56D, EV 106.3 MPH) Michael A. Taylor scores Cody Bellinger to third Cody Bellinger scores
|
Batting: RHB Willson Contreras
|
0-0: Called Strike 0-1: Foul Ball, location: 2F 0-2: Ball 1-2: Strikes out looking
|
Top of the 1st over - 2 runs, 2 hits, 0 errors, 1 left on base; Chicago 2 - Pittsburgh 0 |
BOTTOM OF THE 1ST |
Pittsburgh Pirates batting - Pitching for Chicago Cubs : RHP Zach Plesac
|
Pitching: RHP Zach Plesac
|
|
Batting: RHB Byron Buxton
|
0-0: Ball 1-0: Ball 2-0: Foul Ball, location: 2F 2-1: Ball 3-1: Fly out, F9 (Flyball, 9LS, EV 79.4 MPH)
|
Batting: LHB Jason Kipnis
|
0-0: SOLO HOME RUN (Flyball, 7LD, EV 96.9 MPH), Distance : 358 ft
|
Batting: LHB Didi Gregorius
|
0-0: Fly out, F7 (Flyball, 7LS, EV 85.0 MPH)
|
Batting: LHB Eric Thames
|
0-0: Called Strike 0-1: Ball 1-1: Ball 2-1: Ground out 4-3 (Groundball, 4, EV 90.6 MPH)
|
Bottom of the 1st over - 1 run, 1 hit, 0 errors, 0 left on base; Chicago 2 - Pittsburgh 1 |
TOP OF THE 2ND |
Chicago Cubs batting - Pitching for Pittsburgh Pirates : RHP Michel Baez
|
Batting: RHB Paul DeJong
|
0-0: Ball 1-0: Ball 2-0: Called Strike 2-1: Called Strike 2-2: Strikes out looking
|
Batting: LHB Rougned Odor
|
0-0: Ball 1-0: Ball 2-0: Called Strike 2-1: Ground out 4-3 (Groundball, 4, EV 106.9 MPH)
|
Batting: RHB Zach Plesac
|
0-0: Ball 1-0: Foul Ball, location: 2F 1-1: Foul Ball, location: 2F 1-2: Strikes out swinging
|
Top of the 2nd over - 0 runs, 0 hits, 0 errors, 0 left on base; Chicago 2 - Pittsburgh 1 |
BOTTOM OF THE 2ND |
Pittsburgh Pirates batting - Pitching for Chicago Cubs : RHP Zach Plesac
|
Batting: RHB Franmil Reyes
|
0-0: Called Strike 0-1: Ball 1-1: Ball 2-1: Ball 3-1: Foul Ball, location: 2F 3-2: Base on Balls
|
Batting: RHB Ryan Zimmerman
|
0-0: Called Strike 0-1: Ball 1-1: Reached on error, E3 (Groundball, 34, EV 86.9 MPH) Franmil Reyes to second
|
Batting: RHB Renato Nunez
|
0-0: Swinging Strike 0-1: Sac Bunt to 13S - play at first, batter OUT! 1-3 Franmil Reyes to third Ryan Zimmerman to second
|
Batting: RHB Josh Phegley
|
0-0: Foul Ball, location: 2F 0-1: Called Strike 0-2: Ball 1-2: Fly out, F8 (Flyball, 8LD, EV 106.9 MPH) Runner from 3rd tags up, SCORES, throw by CF Ryan Zimmerman to third
|
Batting: RHB Michel Baez
|
0-0: Foul Ball, location: 2F 0-1: Ball 1-1: Ball Wild Pitch! Ryan Zimmerman scores 2-1: Ball 3-1: Base on Balls
|
Batting: RHB Byron Buxton
|
0-0: 2-RUN HOME RUN (Flyball, 7D, EV 101.3 MPH), Distance : 390 ft
|
Batting: LHB Jason Kipnis
|
0-0: Ball 1-0: Ball 2-0: Reached on error, E1 (Groundball, P, EV 43.8 MPH)
|
Batting: LHB Didi Gregorius
|
0-0: DOUBLE (Line Drive, 5D, EV 99.4 MPH) Jason Kipnis scores
|
Pitching: RHP Justin Grimm
|
|
Batting: LHB Eric Thames
|
0-0: Ball 1-0: Foul Ball, location: 2F 1-1: Swinging Strike 1-2: Strikes out swinging
|
Bottom of the 2nd over - 5 runs, 2 hits, 2 errors, 1 left on base; Chicago 2 - Pittsburgh 6 |
TOP OF THE 3RD |
Chicago Cubs batting - Pitching for Pittsburgh Pirates : RHP Michel Baez
|
Batting: RHB Michael A. Taylor
|
0-0: Ball 1-0: Ball 2-0: Foul Ball, location: 2F 2-1: Ball 3-1: Foul Ball, location: 2F 3-2: Ground out 5-3 (Groundball, 56, EV 103.1 MPH)
|
Batting: RHB Lourdes Gurriel Jr.
|
0-0: Ball 1-0: Called Strike 1-1: Ball 2-1: Fly out, F7 (Flyball, 7D, EV 88.8 MPH)
|
Batting: LHB Cody Bellinger
|
0-0: Called Strike 0-1: Ball 1-1: Called Strike 1-2: Fly out, F9 (Flyball, 9, EV 85.0 MPH)
|
Top of the 3rd over - 0 runs, 0 hits, 0 errors, 0 left on base; Chicago 2 - Pittsburgh 6 |
BOTTOM OF THE 3RD |
Pittsburgh Pirates batting - Pitching for Chicago Cubs : RHP Justin Grimm
|
Batting: RHB Franmil Reyes
|
0-0: Ball 1-0: Called Strike 1-1: Swinging Strike 1-2: Strikes out swinging
|
Batting: RHB Ryan Zimmerman
|
0-0: Ball 1-0: Called Strike 1-1: Fly out, F7 (Flyball, 7D, EV 102.5 MPH)
|
Batting: RHB Renato Nunez
|
0-0: Called Strike 0-1: Fly out, F8 (Line Drive, 8LD, EV 95.6 MPH)
|
Bottom of the 3rd over - 0 runs, 0 hits, 0 errors, 0 left on base; Chicago 2 - Pittsburgh 6 |
TOP OF THE 4TH |
Chicago Cubs batting - Pitching for Pittsburgh Pirates : RHP Michel Baez
|
Batting: SHB Yoan Moncada
|
0-0: Called Strike 0-1: Ball 1-1: Swinging Strike 1-2: Strikes out swinging
|
Batting: RHB Ryan Braun
|
0-0: Ball 1-0: Swinging Strike 1-1: Called Strike 1-2: Foul Ball, location: 2F 1-2: Ball 2-2: Foul Ball, location: 2F 2-2: Strikes out swinging
|
Batting: RHB Willson Contreras
|
0-0: Called Strike 0-1: Swinging Strike 0-2: Ball 1-2: Strikes out swinging
|
Top of the 4th over - 0 runs, 0 hits, 0 errors, 0 left on base; Chicago 2 - Pittsburgh 6 |
BOTTOM OF THE 4TH |
Pittsburgh Pirates batting - Pitching for Chicago Cubs : RHP Justin Grimm
|
Batting: RHB Josh Phegley
|
0-0: Foul Ball, location: 2F 0-1: Fly out, F9 (Flyball, 9LM, EV 108.1 MPH)
|
Batting: RHB Michel Baez
|
0-0: Called Strike 0-1: Ball 1-1: Called Strike 1-2: Strikes out swinging
|
Batting: RHB Byron Buxton
|
0-0: Called Strike 0-1: Called Strike 0-2: Foul Ball, location: 2F 0-2: Ball 1-2: Ball 2-2: Strikes out looking
|
Bottom of the 4th over - 0 runs, 0 hits, 0 errors, 0 left on base; Chicago 2 - Pittsburgh 6 |
TOP OF THE 5TH |
Chicago Cubs batting - Pitching for Pittsburgh Pirates : RHP Michel Baez
|
Batting: RHB Paul DeJong
|
0-0: Ball 1-0: Foul Ball, location: 2F 1-1: Ball 2-1: Ball 3-1: Called Strike 3-2: Base on Balls
|
Pitching: RHP Fernando Romero
|
|
Batting: LHB Rougned Odor
|
0-0: Foul Ball, location: 2F 0-1: Ball Wild Pitch! Paul DeJong to second 1-1: Foul Ball, location: 2F 1-2: Ball 2-2: Ball 3-2: Strikes out swinging
|
Batting: RHB Justin Grimm
|
0-0: Swinging Strike 0-1: Ball 1-1: Foul Ball, location: 2F 1-2: Foul Ball, location: 2F 1-2: Foul Ball, location: 2F 1-2: Foul Ball, location: 2F 1-2: Ball 2-2: Ball 3-2: Foul Ball, location: 2F 3-2: Foul Ball, location: 2F 3-2: Strikes out swinging
|
Batting: RHB Michael A. Taylor
|
0-0: Fly out, F8 (Line Drive, 8RD, EV 90.6 MPH)
|
Top of the 5th over - 0 runs, 0 hits, 0 errors, 1 left on base; Chicago 2 - Pittsburgh 6 |
BOTTOM OF THE 5TH |
Pittsburgh Pirates batting - Pitching for Chicago Cubs : RHP Justin Grimm
|
Batting: LHB Jason Kipnis
|
0-0: Foul Ball, location: 2F 0-1: Ball 1-1: Ball 2-1: Ball 3-1: Base on Balls
|
Batting: LHB Didi Gregorius
|
0-0: Swinging Strike 0-1: Foul Ball, location: 2F 0-2: Fielders Choice at 2nd, 3-6 (Groundball, 3, EV 87.5 MPH)
|
Pitching: RHP James Bourque
|
|
Batting: LHB Eric Thames
|
0-0: Ball 1-0: Ball 2-0: Swinging Strike 2-1: Foul Ball, location: 2F 2-2: Strikes out swinging
|
Batting: RHB Franmil Reyes
|
0-0: Called Strike 0-1: Foul Ball, location: 2F 0-2: Ball 1-2: Strikes out swinging
|
Bottom of the 5th over - 0 runs, 0 hits, 0 errors, 1 left on base; Chicago 2 - Pittsburgh 6 |
TOP OF THE 6TH |
Chicago Cubs batting - Pitching for Pittsburgh Pirates : RHP Fernando Romero
|
Batting: RHB Lourdes Gurriel Jr.
|
0-0: Foul Ball, location: 2F 0-1: Ground out 6-3 (Groundball, 56, EV 110.0 MPH)
|
Batting: LHB Cody Bellinger
|
0-0: Ball 1-0: Ball 2-0: Ball 3-0: Base on Balls
|
Batting: SHB Yoan Moncada
|
0-0: Ball 1-0: Ball 2-0: Foul Ball, location: 2F 2-1: Called Strike 2-2: Ball 3-2: Base on Balls Cody Bellinger to second
|
Pitching: RHP Ben Heller
|
|
Now in RF: LaMonte Wade Jr.
|
|
Batting: RHB Ryan Braun
|
0-0: Ball Cody Bellinger steals 3rd base 1-0: Called Strike 1-1: Called Strike 1-2: Fly out, F7 (Flyball, 78D, EV 105.0 MPH) Runner from 3rd tags up, SCORES, no throw by LF
|
Batting: RHB Willson Contreras
|
0-0: Called Strike 0-1: SINGLE (Groundball, 25, EV 68.8 MPH) (infield hit) Yoan Moncada to second
|
Batting: RHB Paul DeJong
|
0-0: SINGLE (Groundball, 4MD, EV 102.5 MPH) Yoan Moncada to third Willson Contreras to second Runner from 3rd tries for Home, SAFE, throw by CF to home
|
Batting: LHB Rougned Odor
|
0-0: Ball 1-0: Ball 2-0: Called Strike 2-1: Foul Ball, location: 2F 2-2: Strikes out swinging
|
Top of the 6th over - 2 runs, 2 hits, 0 errors, 2 left on base; Chicago 4 - Pittsburgh 6 |
BOTTOM OF THE 6TH |
Pittsburgh Pirates batting - Pitching for Chicago Cubs : RHP James Bourque
|
Batting: RHB Ryan Zimmerman
|
0-0: Called Strike 0-1: Ball 1-1: Ball 2-1: Swinging Strike 2-2: Strikes out swinging, 2-3 out at first.
|
Batting: RHB Renato Nunez
|
0-0: Ball 1-0: Ball 2-0: Ball 3-0: Base on Balls
|
Batting: RHB Josh Phegley
|
0-0: Called Strike 0-1: Ball 1-1: Ball 2-1: Called Strike 2-2: Ground out 6-3 (Groundball, 6S, EV 63.1 MPH) Renato Nunez to second
|
Batting: LHB LaMonte Wade Jr.
|
0-0: Called Strike 0-1: Foul Ball, location: 2F 0-2: Ball 1-2: Strikes out swinging
|
Bottom of the 6th over - 0 runs, 0 hits, 0 errors, 1 left on base; Chicago 4 - Pittsburgh 6 |
TOP OF THE 7TH |
Chicago Cubs batting - Pitching for Pittsburgh Pirates : RHP Ben Heller
|
Pinch Hitting: RHB Stephen Piscotty
|
0-0: Ball 1-0: Ball 2-0: Called Strike 2-1: Ground out 4-3 (Groundball, 4, EV 101.9 MPH)
|
Batting: RHB Michael A. Taylor
|
0-0: Foul Ball, location: 2F 0-1: Foul Ball, location: 2F 0-2: Ball 1-2: Foul Ball, location: 2F 1-2: Strikes out swinging
|
Batting: RHB Lourdes Gurriel Jr.
|
0-0: Ball 1-0: Called Strike 1-1: Ball 2-1: Fly out, F8 (Flyball, 8LS, EV 86.9 MPH)
|
Top of the 7th over - 0 runs, 0 hits, 0 errors, 0 left on base; Chicago 4 - Pittsburgh 6 |
BOTTOM OF THE 7TH |
Pittsburgh Pirates batting - Pitching for Chicago Cubs : RHP James Bourque
|
Pitching: LHP Phillip Diehl
|
|
Batting: RHB Byron Buxton
|
0-0: Ball 1-0: Called Strike 1-1: Called Strike 1-2: Fly out, F8 (Line Drive, 8LD, EV 88.1 MPH)
|
Batting: LHB Jason Kipnis
|
0-0: Foul Ball, location: 2F 0-1: Ball 1-1: Foul Ball, location: 2F 1-2: Fly out, F8 (Flyball, 8RD, EV 101.3 MPH)
|
Batting: LHB Didi Gregorius
|
0-0: Called Strike 0-1: SINGLE (Flyball, 34D, EV 86.3 MPH)
|
Batting: LHB Eric Thames
|
0-0: Foul Ball, location: 2F 0-1: Swinging Strike 0-2: Strikes out swinging
|
Bottom of the 7th over - 0 runs, 1 hit, 0 errors, 1 left on base; Chicago 4 - Pittsburgh 6 |
TOP OF THE 8TH |
Chicago Cubs batting - Pitching for Pittsburgh Pirates : RHP Ben Heller
|
Pitching: RHP Seranthony Dominguez
|
|
Batting: LHB Cody Bellinger
|
0-0: Ball 1-0: Foul Ball, location: 2F 1-1: DOUBLE (Line Drive, 8LXD, EV 110.6 MPH)
|
Batting: SHB Yoan Moncada
|
0-0: Fly out, F9 (Flyball, 9, EV 86.9 MPH)
|
Batting: RHB Ryan Braun
|
0-0: Called Strike 0-1: Ball 1-1: Swinging Strike 1-2: Ball 2-2: Strikes out swinging
|
Batting: RHB Willson Contreras
|
0-0: Ground out 4-3 (Groundball, 4, EV 106.9 MPH)
|
Top of the 8th over - 0 runs, 1 hit, 0 errors, 1 left on base; Chicago 4 - Pittsburgh 6 |
BOTTOM OF THE 8TH |
Pittsburgh Pirates batting - Pitching for Chicago Cubs : LHP Phillip Diehl
|
Pinch Hitting: RHB Bobby Dalbec
|
0-0: Swinging Strike 0-1: Called Strike 0-2: Ball 1-2: Foul Ball, location: 2F 1-2: Ball 2-2: Ball 3-2: Strikes out swinging
|
Batting: RHB Ryan Zimmerman
|
0-0: Ball 1-0: Foul Ball, location: 2F 1-1: Swinging Strike 1-2: Ball 2-2: Strikes out swinging
|
Batting: RHB Renato Nunez
|
0-0: Ball 1-0: Ground out 5-3 (Groundball, 5, EV 101.9 MPH)
|
Bottom of the 8th over - 0 runs, 0 hits, 0 errors, 0 left on base; Chicago 4 - Pittsburgh 6 |
TOP OF THE 9TH |
Chicago Cubs batting - Pitching for Pittsburgh Pirates : RHP Seranthony Dominguez
|
Pitching: LHP Taylor Rogers
|
|
Batting: RHB Paul DeJong
|
0-0: Called Strike 0-1: Ball 1-1: Called Strike 1-2: Ball 2-2: Foul Ball, location: 2F 2-2: Ground out 5-3 (Groundball, 56S, EV 67.5 MPH)
|
Batting: LHB Rougned Odor
|
0-0: Called Strike 0-1: Ball 1-1: Called Strike 1-2: Fly out, F7 (Flyball, 7S, EV 90.0 MPH)
|
Pinch Hitting: RHB Justin Upton
|
0-0: SINGLE (Groundball, 56D, EV 96.9 MPH)
|
Batting: RHB Michael A. Taylor
|
0-0: Called Strike 0-1: Called Strike 0-2: Ball 1-2: Foul Ball, location: 2F 1-2: Ball 2-2: Strikes out swinging, 2-3 out at first.
|
Top of the 9th over - 0 runs, 1 hit, 0 errors, 1 left on base; Chicago 4 - Pittsburgh 6 |
|